 Dungeon Crawl Stone Soup version 0.31-a0-705-ga145531891 (webtiles) character file.

Game seed: 17210172067180092164

2103 cforsyth the Fighter (level 9, -5/64 HPs)
             Began as a Djinni Chaos Knight on Sept 9, 2023.
             Was a Believer of Hepliaklqana.
             Killed by divine providence
             ... invoked by Jeremiah
              (10 damage)
             ... on level 6 of the Dungeon.
             The game lasted 00:12:42 (7318 turns).

cforsyth the Fighter (Djinni Chaos Knight)          Turns: 7318, Time: 00:12:42

Health: -5/64      AC: 12    Str:  9    XL:     9   Next: 53%
Gold:   295        EV: 11    Int: 19    God:    Hepliaklqana [**....] SH:  0 Dex: 12

rFire   + + +        c - +5 dagger (chaos)
rCold   x . .        (no shield)
rNeg    + . .        E - +2 acid dragon scales
rPois   ∞            w - +2 helmet
rElec   .            y - +0 cloak
rCorr   +            (no gloves)
SInv    .            (boots unavailable)
Will    .....        (no amulet)
Stlth   +            d - ring of positive energy
HPRegen 0.30/turn    j - ring of protection from fire
MPRegen 0.00/turn

%: infuse magic (-6 HP)
@: flying, studying Long Blades
A: reduced essence, sickness immunity, fire resistance 2, cold vulnerability 1,
float, innate caster, HP casting, extra vitality 1, mutation resistance 1, weak
1, inability to read after injury 1
a: Renounce Religion, Recall Ancestor, Ancestor Identity


You were on level 6 of the Dungeon.
You worshipped Hepliaklqana.
Hepliaklqana was pleased with you.
You visited 1 branch of the dungeon, and saw 7 of its levels.

You collected 430 gold pieces.
You spent 135 gold pieces at shops.

Inventory:

Hand Weapons
 a - a +0 falchion of chaos
 c - a +5 dagger of chaos (weapon)
Armour
 b - a +2 leather armour
 p - the +0 ring mail "Hytreeho" {Int+4}
   (You found it on level 3 of the Dungeon)

   Int+4:     It affects your intelligence (+4).
 w - a +2 helmet (worn)
 y - a +0 cloak (worn)
 E - +2 acid dragon scales (worn)
Jewellery
 d - a ring of positive energy (left hand)
 j - a ring of protection from fire (right hand)
 s - a +6 ring of dexterity
 B - a +4 ring of protection
 G - a ring of fire
Wands
 u - a wand of flame (23)
 z - a wand of light (6)
 D - a wand of paralysis (17)
Scrolls
 g - 2 scrolls of poison {unknown}
 i - 6 scrolls of blinking {unknown}
 m - 4 scrolls of identify
 o - a scroll of enchant weapon
 q - a scroll of revelation
 r - a scroll of enchant armour {unknown}
 x - a scroll of immolation {unknown}
 A - a scroll of teleportation {unknown}
Potions
 e - 4 potions of haste
 f - a potion of experience {unknown}
 k - a potion of attraction
 l - 2 potions of curing {unknown}
 n - a potion of magic {unknown}
 t - a potion of lignification {unknown}
 v - a potion of berserk rage {unknown}
 C - a potion of degeneration {unknown}
 F - a potion of cancellation {unknown}


   Skills:
 + Level 9.0 Fighting
 - Level 2.6 Long Blades
 - Level 1.0 Armour
 - Level 2.1 Dodging
 + Level 6.1 Spellcasting
 + Level 6.1 Conjurations
 + Level 6.1 Hexes
 + Level 6.1 Summonings
 + Level 6.1 Necromancy
 + Level 6.1 Translocations
 + Level 6.1 Transmutations
 + Level 6.1 Fire Magic
 + Level 6.1 Ice Magic
 + Level 6.1 Air Magic
 + Level 6.1 Earth Magic
 + Level 6.1 Poison Magic


You knew the following spells:

 Your Spells              Type           Power      Damage    Failure   Level
a - Slow                  Hex            100%       N/A       1%          1
b - Blink                 Tloc           58%        N/A       2%          2
c - Searing Ray           Conj           58%        2d6       2%          2
d - Hailstorm             Conj/Ice       29%        3d8       4%          3
Your spell library was empty.

Dungeon Overview and Level Annotations

Branches:
Dungeon (7/15)             Temple (0/1) D:4

Altars:
Hepliaklqana
Nemelex Xobeh
Okawaru
Ru

Shops:
D:2 (   D:4 *

Annotations:
D:6 Jeremiah


Innate Abilities, Weirdness & Mutations

Your life essence is reduced to manifest your ancestor. (-10% HP)
You are immune to sickness and miasma.
You are immune to poison.
Your flesh is very heat resistant. (rF++)
You are vulnerable to cold. (rC-)
You float through the air rather than walking.
You learn spells naturally, not from books.
Your magical power is your life essence.
You have superior vitality. (+4 MHP)
You are somewhat resistant to further mutation.
You are weak. (Str -2)
You occasionally lose the ability to read scrolls when taking damage.


Message History

(Press . to maintain the ray.) Jabu barely misses Jeremiah.
The orc hits you but does no damage. Jeremiah barely misses you.
Jabu avoids your attack.
The searing ray hits Jeremiah.
Jeremiah is lightly wounded.
The searing ray misses the butterfly.
The searing ray hits the butterfly!
You kill the butterfly!
The butterfly disappears in a burst of colours!
The orc barely misses you.
Jabu hits Jeremiah with a +0 flail.
Jeremiah lets out a twisted cry.
Something smites you!
* * * LOW HITPOINT WARNING * * *
Jabu avoids your attack.
The searing ray hits Jeremiah!
Jeremiah is moderately wounded.
The searing ray misses the butterfly.
The searing ray hits the butterfly!
You kill the butterfly!
The butterfly disappears in a burst of colours!
* * * LOW HITPOINT WARNING * * *
The orc hits you but does no damage.
Jeremiah hits you from afar with a +4 trident of draining!
* * * LOW HITPOINT WARNING * * *
Okay, then.
As you read the scroll labelled SIOLLUMAKYO, it crumbles to dust.
It is a scroll of identify.
k - a potion of attraction Jabu closely misses Jeremiah.
The orc hits you but does no damage. Jeremiah barely misses you.
As you read the scroll labelled JAKUWO CIKLON, it crumbles to dust.
You feel momentarily disoriented.
It was a scroll of revelation.
The orc hits you but does no damage.
Jabu hits Jeremiah with a +0 flail.
Jeremiah hits you but does no damage.
As you read the scroll labelled JELEAFATRO, it crumbles to dust.
It is a scroll of enchant weapon.
Your +4 dagger of chaos glows red for a moment.
The orc closely misses you.
Jeremiah throws their arms up pleadingly.
Something smites you!
You die...
Jeremiah says, "O terrible one, your will is done."
Xom roars with laughter!

..#.#.## #.......#
#.##.###########.#######
#.##.....#######.#######
#.##.....#######.#######
.........#######.#######
#.##.....#######.#######
..##.....#######)#######
################o#######
######## #######@#######
.......# #######R#######
.#####.# #######F#######
.#####.# #######b#######
...[##.# #######b#######
.##.##.# #######b#######
.##.##.###b..b...#######
.........b.#############
############


You could see the friendly Jabu the knight, Jeremiah (ally target) and an orc.

Vanquished Creatures
  Maggie (D:7)
  A yak (D:5)
  A wyvern (D:7)
  An acid dragon (D:5)
  A water moccasin (D:7)
  2 ogres
  An ice beast (D:7)
  A centaur (D:6)
  A scorpion (D:5)
  A howler monkey (D:5)
  2 jellies
  An orc priest (D:3)
  7 hounds
  An iguana (D:4)
  A sleepcap (D:5)
  Jessica (D:3)
  Natasha (thrice) (D:3)
  3 orc wizards
  Robin (D:3)
  8 adders
  3 gnolls (D:6)
  3 shadow imps (D:6)
  An ufetubus (D:5)
  2 dart slugs
  9 orcs
  6 ball pythons
  5 bats
  6 endoplasms
  2 giant cockroaches
  11 hobgoblins
  3 jackals (D:1)
  7 quokkas
  4 frilled lizards
  14 goblins
  6 kobolds
  5 rats
126 creatures vanquished.

Vanquished Creatures (collateral kills)
  A scorpion (D:6)
  A hound (D:7)
  A gnoll (D:6)
  A white imp (D:6)
4 creatures vanquished.

Vanquished Creatures (others)
  An orc (D:7)
1 creature vanquished.

Grand Total: 131 creatures vanquished

Notes
Turn   | Place    | Note
-------+----------+-------------------------------------------
     0 | D:1      | cforsyth the Djinni Chaos Knight began the quest for the
                  | Orb.
     0 | D:1      | Reached XP level 1. HP: 20/20 MP: 0/0
     4 | D:1      | Noticed a minotaur zombie
     9 | D:1      | Noticed a minotaur zombie
    15 | D:1      | Noticed a merfolk zombie
    31 | D:1      | XOM: silly message
    77 | D:1      | XOM: divination: detect items
    89 | D:1      | Reached XP level 2. HP: 25/25 MP: 0/0
   309 | D:1      | Reached skill level 1 in Spellcasting
   309 | D:1      | Reached skill level 1 in Conjurations
   309 | D:1      | Reached skill level 1 in Hexes
   309 | D:1      | Reached skill level 1 in Summonings
   309 | D:1      | Reached skill level 1 in Necromancy
   309 | D:1      | Reached skill level 1 in Translocations
   309 | D:1      | Reached skill level 1 in Transmutations
   309 | D:1      | Reached skill level 1 in Fire Magic
   309 | D:1      | Reached skill level 1 in Ice Magic
   309 | D:1      | Reached skill level 1 in Air Magic
   309 | D:1      | Reached skill level 1 in Earth Magic
   309 | D:1      | Reached skill level 1 in Poison Magic
   480 | D:1      | Reached XP level 3. HP: 30/30 MP: 0/0
   480 | D:1      | Learned a level 1 spell: Slow
   584 | D:1      | XOM: god gift: scroll labelled LEHAPP TISOIN {god gift}
   976 | D:2      | Found Wommeid's Weapon Boutique.
  1088 | D:2      | XOM: cast spell 'Call Canine Familiar'
  1244 | D:2      | XOM: enchant monster (good)
  1276 | D:2      | XOM: silly message
  1293 | D:2      | XOM: silly message
  1304 | D:2      | Reached XP level 4. HP: 37/37 MP: 0/0
  1323 | D:2      | Reached skill level 4 in Fighting
  1985 | D:3      | XOM: noise
  1989 | D:3      | Noticed Natasha
  2007 | D:3      | HP: 1/37 [cerulean imp/+2 spear[Natasha] (6)]
  2161 | D:3      | XOM: chaos upgrade
  2175 | D:3      | Noticed Robin
  2177 | D:3      | Found an iron altar of Okawaru.
  2182 | D:3      | XOM: chaos upgrade
  2186 | D:3      | Reached XP level 5. HP: 5/41 MP: 0/0
  2186 | D:3      | Learned a level 2 spell: Blink
  2457 | D:2      | XOM: summons 3 hostile demons
  2463 | D:3      | Killed Robin
  2473 | D:3      | XOM: cast spell 'Alistair's Intoxication'
  2534 | D:3      | Killed Natasha
  2645 | D:3      | Identified the +0 ring mail "Hytreeho" {Int+4}
  2688 | D:3      | Noticed Jessica
  2698 | D:3      | Killed Jessica
  2768 | D:3      | XOM: potion effect (attraction)
  2771 | D:3      | Reached XP level 6. HP: 22/49 MP: 0/0
  2778 | D:3      | Reached skill level 5 in Fighting
  2918 | D:3      | XOM: divination: magic mapping
  2951 | D:3      | Noticed Natasha
  2958 | D:3      | Killed Natasha
  3187 | D:3      | Found a hazy altar of Hepliaklqana.
  3188 | D:3      | Found a sacrificial altar of Ru.
  3188 | D:3      | Noticed Natasha
  3192 | D:3      | Killed Natasha
  3199 | D:3      | Fell from the grace of Xom
  3199 | D:3      | Became a worshipper of Hepliaklqana the Forgotten
  3384 | D:4      | Found Okacet's Assorted Antiques.
  3392 | D:4      | Bought a runed helmet for 135 gold pieces
  3514 | D:4      | Found a staircase to the Ecumenical Temple.
  3811 | D:4      | XOM: god gift: Xom's Incunabulum of Grandeur {god gift}
  3827 | D:4      | XOM: chaos upgrade
  4005 | D:4      | Reached XP level 7. HP: 52/54 MP: 0/0
  4005 | D:4      | Learned a level 2 spell: Searing Ray
  4249 | D:4      | Found a sparkling altar of Nemelex Xobeh.
  4350 | D:5      | Entered Level 5 of the Dungeon
  4545 | D:5      | Reached skill level 6 in Fighting
  4557 | D:5      | Noticed a wyvern
  4924 | D:5      | Noticed an acid dragon
  4932 | D:5      | Killed an acid dragon
  4933 | D:5      | Reached XP level 8. HP: 31/62 MP: 0/0
  4935 | D:5      | XOM: give mutation
  4935 | D:5      | Gained mutation: You are somewhat resistant to further
                  | mutation. [Xom's mischief]
  4997 | D:5      | Noticed a yak
  5329 | D:5      | Reached * piety under Hepliaklqana
  5473 | D:5      | Killed a yak
  5474 | D:5      | Reached skill level 7 in Fighting
  5617 | D:6      | XOM: noise
  5812 | D:6      | Reached skill level 5 in Spellcasting
  5812 | D:6      | Reached skill level 5 in Conjurations
  5812 | D:6      | Reached skill level 5 in Hexes
  5812 | D:6      | Reached skill level 5 in Summonings
  5812 | D:6      | Reached skill level 5 in Necromancy
  5812 | D:6      | Reached skill level 5 in Translocations
  5812 | D:6      | Reached skill level 5 in Transmutations
  5812 | D:6      | Reached skill level 5 in Fire Magic
  5812 | D:6      | Reached skill level 5 in Ice Magic
  5812 | D:6      | Reached skill level 5 in Air Magic
  5812 | D:6      | Reached skill level 5 in Earth Magic
  5812 | D:6      | Reached skill level 5 in Poison Magic
  6001 | D:6      | XOM: give mutation
  6001 | D:6      | Gained mutation: You occasionally lose the ability to read
                  | scrolls when taking damage. [Xom's mischief]
  6022 | D:6      | XOM: summons 1 hostile shadow creature
  6103 | D:6      | XOM: give mutation
  6103 | D:6      | Gained mutation: You are weak. (Str -2) [Xom's mischief]
  6112 | D:6      | Reached XP level 9. HP: 63/63 MP: 0/0
  6112 | D:6      | Learned a level 3 spell: Hailstorm
  6291 | D:6      | Reached skill level 8 in Fighting
  6378 | D:6      | Reached ** piety under Hepliaklqana
  6379 | D:6      | Remembered your ancestor Jabu as a knight
  6507 | D:7      | Noticed Maggie
  6517 | D:7      | Killed Maggie
  6929 | D:7      | XOM: 2-stop teleportation journey
  6935 | D:7      | Reached skill level 9 in Fighting
  7303 | D:7      | Noticed Jeremiah
  7318 | D:6      | Killed from afar by Jeremiah

Illustrated notes

Levels and vault maps discovered:
D:1:      shiori_arrival_whats_in_store_for_you, layout_basic, serial_aquarium,
          aquarium_bridge_straight [aquarium_subvault_bridge,
          aquarium_subvault_wall, aquarium_subvault_bridge,
          aquarium_subvault_wall], aquarium_bridge_square
          [aquarium_subvault_bridge, aquarium_subvault_wall,
          aquarium_subvault_balcony, aquarium_subvault_window],
          aquarium_window_fake, aquarium_window_2, aquarium_window_2,
          aquarium_window_corridor_2, aquarium_view_2d, aquarium_view_2b,
          chequers_serial_rivers_micro_e, due_unseen_surprise
D:2:      layout_loops_corners, serial_shops, shop_fountains,
          minmay_crystal_water, minmay_misc_feat_square, bh_walls_and_bars
D:3:      layout_basic, okawaru_gym_becter, gammafunk_temple_overflow_pools,
          uniq_natasha, uniq_jessica, uniq_robin
D:4:      layout_basic, nemelex_spade_bored_becter, temple_doors_e,
          serial_shops, shop
D:5:      layout_rooms, minmay_manual_monolith
D:6:      layout_loops_cross
D:7:      layout_loops_corners, serial_co_window_serial, co_window_cross_1,
          co_window_paths_b, co_window_corner_a, co_window_corner_a,
          co_window_of_opportunity_a, co_window_corner_a, co_window_paths_a,
          co_window_cross_3, co_window_unsneaky_path_b, co_window_2corner,
          co_window_of_opportunity_c, glass_columns_a, glass_columns_b,
          glass_columns_c, glass_columns_b, glass_columns_a, uniq_maggie,
          uniq_jeremiah

Skill      XL: |  1  2  3  4  5  6  7  8  9 |
---------------+----------------------------+-----
Spellcasting   | 1 2 3 4 5 6 |  6.1
Conjurations   | 1 2 3 4 5 6 |  6.1
Hexes          | 1 2 3 4 5 6 |  6.1
Summonings     | 1 2 3 4 5 6 |  6.1
Necromancy     | 1 2 3 4 5 6 |  6.1
Translocations | 1 2 3 4 5 6 |  6.1
Transmutations | 1 2 3 4 5 6 |  6.1
Fire Magic     | 1 2 3 4 5 6 |  6.1
Ice Magic      | 1 2 3 4 5 6 |  6.1
Air Magic      | 1 2 3 4 5 6 |  6.1
Earth Magic    | 1 2 3 4 5 6 |  6.1
Poison Magic   | 1 2 3 4 5 6 |  6.1
Fighting       | 4 5 6 7 9 |  9.0
Long Blades    | |  2.6
Armour         | |  1.0
Dodging        | |  2.1

Action                     |  1- 3 |  4- 6 |  7- 9 || total
---------------------------+-------+-------+-------++-------
  Melee: Falchion          |    96 |    77 |       ||   173
         Dagger            |       |   114 |   131 ||   245
         Unarmed           |       |     3 |       ||     3
         Punch             |       |     2 |     3 ||     5
   Cast: Slow              |     6 |       |    14 ||    20
         Blink             |       |     2 |     9 ||    11
         Searing Ray       |       |       |    24 ||    24
         Hailstorm         |       |       |     9 ||     9
 Invoke: Recall Ancestor   |       |       |     2 ||     2
         Ancestor Life: Kn |       |       |     1 ||     1
    Use: Scroll            |       |     1 |     3 ||     4
         Potion            |       |       |     4 ||     4
   Stab: Paralysed         |     1 |     1 |     1 ||     3
         Confused          |       |       |     1 ||     1
 Armour: Leather armour    |    58 |   151 |   105 ||   314
         Acid dragon scale |       |       |    61 ||    61
  Dodge: Dodged            |    63 |    99 |   118 ||   280

Table legend: (Time is in decaauts)
 A = Elapsed time spent in this place.
 B = Non-inter-level travel time spent in this place.
 C = Inter-level travel time spent in this place.
 D = Time resting spent in this place.
 E = Time spent auto-exploring this place.
 F = Levels seen in this place.
 G = Mean time per level.
                   A        B        C        D        E       F      G
               +--------+--------+--------+--------+--------+-----+--------+
         Total |   7325 |   7072 |    253 |    664 |   5110 |   7 | 1046.4 |
       Dungeon |   7325 |   7072 |    253 |    664 |   5110 |   7 | 1046.4 |
               +--------+--------+--------+--------+--------+-----+--------+

Top non-repeatable levels by time:
     D:4: 1371 daAuts
     D:3: 1296 daAuts
     D:2: 1175 daAuts
     D:1: 987 daAuts
     D:6: 847 daAuts
     D:7: 831 daAuts
     D:5: 818 daAuts
